 Dungeon Crawl Stone Soup version 0.30.1-3-gfc49f6343a (webtiles) character file.

Game seed: 9262933680893914043

26275 Amplified the Warrior (level 12, -2/110 HPs)
             Began as a Demonspawn Wanderer on July 16, 2023.
             Was an Initiate of Gozag.
             Slain by a boulder beetle (23 damage)
             ... on level 3 of the Lair of Beasts on July 22, 2023.
             The game lasted 00:43:09 (18386 turns).

Amplified the Warrior (Demonspawn Wanderer)        Turns: 18386, Time: 00:43:09

Health: -2/110     AC:  8    Str: 12    XL:     12   Next: 96%
Magic:  24/25      EV: 11    Int: 19    God:    Gozag
Gold:   362        SH:  0    Dex: 19    Spells: 13/29 levels left

rFire   + . .        l - +3 whip (elec)
rCold   + + +        (no shield)
rNeg    . . .        H - +4 skin of Zhor {*Englaciate rC+++ SInv}
rPois   +            (helmet restricted)
rElec   +            i - scarf {repulsion}
rCorr   +            (gloves unavailable)
SInv    +            a - +1 pair of boots
Will    .....        o - amulet of magic regeneration
Stlth   ++           f - ring of poison resistance
HPRegen 0.38/turn    p - +6 ring of dexterity
MPRegen 0.59/turn

%: repel missiles
@: resistant, on blink cooldown
A: claws 3, demonic guardian 2, sturdy frame 1, horns 1
a: Renounce Religion, Potion Petition, Call Merchant, Bribe Branch


You were on level 3 of the Lair of Beasts.
You worshipped Gozag.
Gozag was aware of your devotion.
You visited 3 branches of the dungeon, and saw 17 of its levels.

You collected 4513 gold pieces.
You spent 1728 gold pieces at shops.
You paid 2423 gold pieces to Gozag.

Inventory:

Hand Weapons
 l - a +3 whip of electrocution (weapon)
Missiles
 j - 35 poisoned darts (quivered)
 q - 2 javelins
 A - 5 curare-tipped darts
Armour
 a - a +1 pair of boots (worn)
 b - a +2 helmet
 d - the +7 scale mail of Wrong Decisions {rCorr Slay+3 Stlth+}
   (You bought it in a shop on level 8 of the Dungeon)

   Slay:      It affects your accuracy & damage with ranged weapons and melee
   (+3).
   rCorr:     It protects you from acid and corrosion.
   Stlth:     It makes you more stealthy.
 i - a scarf of repulsion (worn)
 v - the +1 pair of gloves of Midsummer {Dex+6}
   (You bought it in a shop on level 5 of the Dungeon)

   Dex:       It affects your dexterity (+6).
 w - a +1 ring mail of willpower
 H - the +4 skin of Zhor (worn) {*Englaciate rC+++ SInv}
   (You found it on level 1 of the Lair of Beasts)

   *Englaciate: It radiates cold, occasionally slowing all nearby creatures who
   are not resistant to cold.
   rC:        It renders you almost immune to cold.
   SInv:      It lets you see invisible.
Magical Staves
 k - a staff of death
 D - a staff of poison
Jewellery
 e - a +4 ring of protection
 f - a ring of poison resistance (left claw)
 g - a ring of resist corrosion
 o - an amulet of magic regeneration (around neck)
 p - a +6 ring of dexterity (right claw)
 r - a ring of magical power
 x - a ring of ice
 z - a ring of protection from cold
 F - a ring of flight
 I - a ring of magical power
Scrolls
 h - 2 scrolls of identify
 n - a scroll of silence
 E - 2 scrolls of noise
 G - 4 scrolls of magic mapping
Potions
 m - a potion of ambrosia
 s - 2 potions of brilliance
 t - 3 potions of curing
 u - a potion of flight
 C - a potion of cancellation


   Skills:
 * Level 15.4 Fighting
 * Level 6.2 Maces & Flails
 * Level 6.1 Armour
 * Level 9.2 Spellcasting
 * Level 3.3 Conjurations
 - Level 6.0 Fire Magic
 - Level 4.5 Air Magic
 - Level 4.9 Poison Magic


You had 13 spell levels left.
You knew the following spells:

 Your Spells              Type           Power      Damage    Failure   Level
a - Passwall              Tmut/Erth      6%         N/A       12%         2
b - Scorch                Fire           62%        2d7       1%          2
c - Mephitic Cloud        Conj/Pois/Air  25%        N/A       4%          3
d - Blink                 Tloc           16%        N/A       12%         2
e - Olgreb's Toxic Radia  Pois           27%        N/A       11%         4
f - Stone Arrow           Conj/Erth      30%        3d8       12%         3

Your spell library contained the following spells:

 Spells                   Type           Power      Damage    Failure   Level
 Foxfire                  Conj/Fire      100%       2x1d9     1%          1
 Kiss of Death            Conj/Necr      60%        2d10      4%          1
 Ignite Poison            Fire/Tmut/Pois 22%        N/A       5%          3
 Momentum Strike          Conj/Tloc      30%        3d8       6%          2
 Apportation              Tloc           16%        N/A       9%          1
 Beastly Appendage        Tmut           16%        N/A       9%          1
 Necrotise                Necr           32%        1d5       9%          1
 Sandblast                Erth           16%        2d6       9%          1
 Spider Form              Tmut/Pois      18%        N/A       9%          3
 Vhi's Electric Charge    Tloc/Air       34%        N/A       10%         3
 Lesser Beckoning         Tloc           16%        N/A       12%         2
 Wereblood                Tmut           8%         N/A       12%         2
 Hailstorm                Conj/Ice       15%        3d5       12%         3
 Sticky Flame             Conj/Fire      26%        2d5       12%         4
 Summon Lightning Spire   Summ/Air       17%        N/A       30%         4
 Animate Armour           Summ/Erth      16%        N/A       63%         4
 Manifold Assault         Tloc           8%         N/A       63%         4
 Alistair's Intoxication  Tmut/Pois      12%        N/A       63%         5
 Irradiate                Conj/Tmut      7%         3d14      75%         5
 Dispersal                Tloc           4%         N/A       100%        6
 Storm Form               Tmut/Air       8%         N/A       100%        7
 Discord                  Hex            4%         N/A       100%        8
 Disjunction              Tloc           4%         N/A       100%        8
 Ignition                 Fire           15%        3d6       100%        8
 Lehudib's Crystal Spear  Conj/Erth      7%         10d3      100%        8
 Maxwell's Capacitive Co  Air            13%        ∞         100%        8


Dungeon Overview and Level Annotations

Branches:
Dungeon (13/15)            Temple (0/1) D:6            Lair (3/5) D:11
 Shoals (0/4) Lair:2       Spider (0/4) Lair:2          Orc (1/2) D:9
 Vaults: D:13-14

Altars:
Dithmenos
Fedhas
Gozag
Kikubaaqudgha
Nemelex Xobeh
Okawaru
Uskayaw
Wu Jian
Xom
Yredelemnul

Shops:
D:1 (   D:5 [   D:8 [

Annotations:
D:12 2 transporters, Cearr's ghost, journeyman SpEn
Lair:3 Snorg


Innate Abilities, Weirdness & Mutations

You have claws for hands.
A demonic guardian rushes to your aid.
Your movements are slightly less encumbered by armour. (ER -2)
You have a pair of small horns on your head.


Message History

You radiate an aura of cold.
The wyvern seems to slow down.
The wyvern is engulfed in noxious fumes.
The wyvern is engulfed in noxious fumes.
The wyvern appears confused.
You radiate an aura of cold.
The wyvern seems to slow down.
The wyvern bites you.
Really attack while wielding nothing? [Y]es or [N]o only, please.
Really attack while wielding nothing? [Y]es or [N]o only, please.
Really attack while wielding nothing?
Okay, then.
You hear the crackle of electricity.
l - a +3 whip of electrocution (weapon)
Unknown command.
You catch the helpless wyvern completely off-guard!
You hit the wyvern. Lightning courses through the wyvern!!
You kill the wyvern!
You now have 362 gold pieces (gained 14).
You start resting.
A boulder beetle is nearby!
Okay, then.
The boulder beetle curls into a ball and begins rolling!
Casting: Mephitic Cloud (mildly dangerous; 4% risk of failure)
Confirm with . or Enter, or press ? or * to list all spells.
You blink.
The boulder beetle hits you!!!
* * * LOW HITPOINT WARNING * * *
A demonic guardian appears!
The boulder beetle stops rolling and uncurls.
Casting: Blink (safe; 12% risk of failure)
Confirm with . or Enter, or press ? or * to list all spells.
You are still too unstable to blink.
Unknown command.
Your ice devil hits the boulder beetle but does no damage.
Casting: Blink (safe; 12% risk of failure)
Confirm with . or Enter, or press ? or * to list all spells.
You are still too unstable to blink.
You feel better. The boulder beetle bites you!!
You die...
Your body crumbles into a pile of gold.

### #.. #####.. #####
###.#.#..
########...###....##..
#.##.##...........###.
##...##...##......##..
#..B@.[..###.l..##...
#..4....####.#.##....
#P#.......####.##.#..
#####...#.# #........
#...#.###........
#...#.....#.....#
#.†.#.#.P##.....#
#...#..####.....#
#.!.#..# ###.#..


You could see a boulder beetle (ally target) and a friendly ice devil
(summoned).

Vanquished Creatures
  Fannar (Lair:3)
  4 death yaks (Lair:1)
  A skyshark (Lair:3)
  Sonja (D:9)
  A cyclops (D:11)
  A manticore (D:11)
  An ugly thing (D:11)
  An elephant (Lair:2)
  Maurice (D:11)
  A slime creature (D:12)
  A black mamba (Lair:1)
  A torpor snail (Lair:1)
  An unseen horror (D:11)
  3 cane toads
  A gargoyle (D:12)
  4 rime drakes (Lair:1)
  3 komodo dragons
  A meliai (shapeshifter) (D:13)
  2 trolls (D:9)
  A hornet (D:11)
  2 wyverns
  A wraith (D:12)
  29 yaks
  The ghost of raetorn the Chopper, an amateur AtFi (D:5)
  2 steam dragons (D:7)
  2 basilisks (Lair:2)
  2 redbacks (Lair:2)
  An acid dragon (D:12)
  A warg (D:9)
  3 ice beasts
  3 water moccasins
  2 orc warriors
  A black bear (D:4)
  A sky beast (D:6)
  7 centaurs
  4 wolves (Lair:2)
  3 phantoms
  A kobold brigand (D:7)
  2 gnoll sergeants
  11 bullfrogs
  2 scorpions
  12 wights
  4 killer bees (D:8)
  An electric eel (D:12)
  3 howler monkeys
  3 orc priests
  2 hounds (D:5)
  2 sleepcaps
  3 iguanas
  10 orc wizards
  7 adders
  9 gnolls
  3 white imps
  An ufetubus (D:3)
  A worm (D:5)
  A dart slug (D:1)
  42 orcs
  3 ball pythons
  2 bats (D:1)
  3 endoplasms
  4 giant cockroaches
  4 goblins
  3 hobgoblins
  4 jackals (D:2)
  3 quokkas
  A frilled lizard (D:1)
  14 kobolds
  2 rats
  A butterfly (Lair:2)
260 creatures vanquished.

Vanquished Creatures (collateral kills)
  A hydra (D:12)
  3 elephants (Lair:2)
  A black mamba (Lair:1)
  2 cane toads (Lair:2)
  A gargoyle (D:11)
  A troll (D:10)
  A slime creature (D:12)
  A steam dragon (D:6)
  3 yaks
  A basilisk (Lair:3)
  An ice beast (D:7)
  3 sky beasts (D:7)
  5 centaurs
  A killer bee (D:8)
  2 orc wizards
  A worm (D:2)
  An orc (D:6)
  A giant cockroach (D:2)
  A kobold (D:3)
31 creatures vanquished.

Vanquished Creatures (others)
  A killer bee (D:8)
  A gnoll (D:7)
  An orc (D:3)
  6 foxfires (D:2)
9 creatures vanquished.

Grand Total: 300 creatures vanquished

Notes
Turn   | Place    | Note
-------+----------+-------------------------------------------
     0 | D:1      | Amplified the Demonspawn Wanderer began the quest for the
                  | Orb.
     0 | D:1      | Amplified set off with the following items: a +0 dagger, a
                  | potion of invisibility, a +0 robe, a potion of curing; and
                  | the following spells available to memorise: Foxfire, Kiss
                  | of Death, Passwall, Scorch, Mephitic Cloud, Vhi's Electric
                  | Charge.
     0 | D:1      | Reached XP level 1. HP: 18/18 MP: 5/5
    25 | D:1      | Learned a level 1 spell: Foxfire
    49 | D:1      | Found Ucsedia's Antique Weapon Shop.
    55 | D:1      | Found a faded altar of an unknown god.
    78 | D:1      | Prayed at the altar of an unknown god.
    78 | D:1      | Became a worshipper of Gozag Ym Sagoz the Greedy
   295 | D:1      | Gained mutation: A weak demonic guardian rushes to your
                  | aid. [demonic ancestry]
   295 | D:1      | Reached XP level 2. HP: 19/24 MP: 7/7
   645 | D:2      | Gained mutation: Your movements are slightly less
                  | encumbered by armour. (ER -2) [demonic ancestry]
   645 | D:2      | Reached XP level 3. HP: 24/29 MP: 4/8
  1214 | D:1      | Bought a shimmering scimitar for 189 gold pieces
  1214 | D:1      | Identified the +4 scimitar of the Gnashing Gods {heavy,
                  | *Rage Str+3 Dex+2} (You bought it in a shop on level 1 of
                  | the Dungeon)
  1315 | D:3      | Learned a level 2 spell: Scorch
  1815 | D:3      | Gained mutation: You have sharp fingernails. [demonic
                  | ancestry]
  1815 | D:3      | Reached XP level 4. HP: 37/37 MP: 8/10
  1821 | D:3      | Learned a level 3 spell: Mephitic Cloud
  2399 | D:3      | Reached skill level 4 in Fighting
  2403 | D:3      | Reached skill level 1 in Air Magic
  2403 | D:3      | Reached skill level 1 in Poison Magic
  2403 | D:3      | Reached XP level 5. HP: 36/42 MP: 12/12
  2599 | D:1      | Bought a glowing rapier for 147 gold pieces
  2714 | D:4      | Noticed a black bear
  2723 | D:4      | Found an ancient bone altar of Kikubaaqudgha.
  2917 | D:4      | Identified a scroll of acquirement
  2917 | D:4      | Acquired 958 gold pieces
  2957 | D:4      | Got the Directory of Brilliant Mud
  2978 | D:4      | Killed a black bear
  2979 | D:4      | Reached skill level 5 in Spellcasting
  2979 | D:4      | Reached XP level 6. HP: 49/49 MP: 13/13
  3018 | D:4      | Learned a level 2 spell: Passwall
  3406 | D:5      | Entered Level 5 of the Dungeon
  3416 | D:5      | Bought the +1 pair of gloves of Midsummer {Dex+6} for 378
                  | gold pieces
  3421 | D:5      | Bought a +0 ring mail of willpower for 143 gold pieces
  3465 | D:5      | Found a runed translucent door.
  3472 | D:5      | Noticed raetorn's ghost (amateur AtFi)
  3488 | D:5      | Noticed an ice beast
  3503 | D:5      | Reached skill level 13 in Fighting
  3503 | D:5      | Reached XP level 7. HP: 47/72 MP: 14/14
  3839 | D:5      | Found a runed translucent door.
  4105 | D:5      | Found a shimmering altar of Xom.
  4106 | D:5      | Found a blossoming altar of Fedhas.
  4107 | D:5      | Found a basalt altar of Yredelemnul.
  4746 | D:6      | Gained mutation: A demonic guardian rushes to your aid.
                  | [demonic ancestry]
  4746 | D:6      | Reached XP level 8. HP: 79/79 MP: 15/15
  5508 | D:6      | Found a staircase to the Ecumenical Temple.
  6063 | D:7      | Reached XP level 9. HP: 74/85 MP: 15/17
  6223 | D:7      | Found an iron altar of Okawaru.
  6711 | D:7      | Noticed a +0 spear
  6711 | D:7      | Noticed a +0 falchion
  6711 | D:7      | Noticed a +0 falchion
  6711 | D:7      | Noticed a +0 dagger
  6712 | D:7      | Noticed a +0 dagger
  6712 | D:7      | Noticed a +0 short sword
  6712 | D:7      | Noticed a +0 short sword
  6712 | D:7      | Noticed a +0 spear
  6714 | D:7      | Found a hide-covered altar of Uskayaw.
  6759 | D:7      | Found a shadowy altar of Dithmenos.
  7417 | D:8      | Reached XP level 10. HP: 44/92 MP: 19/19
  8246 | D:8      | Found Diawur's Superior Scales.
  8252 | D:8      | Bought the +7 scale mail of Wrong Decisions {rCorr Slay+3
                  | Stlth+} for 871 gold pieces
  8350 | D:8      | Found an ornate altar of the Wu Jian Council.
  8521 | D:9      | Reached skill level 1 in Maces & Flails
  8633 | D:9      | Found a staircase to the Orcish Mines.
  8677 | D:9      | Reached skill level 1 in Fire Magic
  8681 | D:9      | Gained mutation: You have a pair of small horns on your
                  | head. [potion of mutation]
  8687 | D:9      | Reached skill level 14 in Fighting
  8920 | D:9      | Reached skill level 1 in Armour
  9284 | D:9      | Got the Atlas of Kinetic Energy and Abominable Words
  9296 | D:9      | Identified the +9 short sword of Cocytus {heavy, Int+3}
  9829 | D:10     | Entered Level 10 of the Dungeon
 10960 | D:11     | Gained mutation: You have very sharp fingernails. [demonic
                  | ancestry]
 10960 | D:11     | Reached XP level 11. HP: 83/100 MP: 21/21
 11135 | D:10     | Upgraded the game from 0.30.1-1-g62c8e00024 to
                  | 0.30.1-3-gfc49f6343a
 11276 | D:11     | Noticed Maurice
 11293 | D:11     | Killed Maurice
 11334 | D:11     | Found a staircase to the Lair.
 12209 | D:12     | Found a transporter.
 12209 | D:12     | Noticed a green ugly thing
 12211 | D:12     | Noticed Cearr's ghost (journeyman SpEn)
 12229 | D:11     | Killed a green ugly thing
 12252 | D:12     | Noticed a necromancer
 12252 | D:12     | Noticed a phantasmal warrior
 12283 | Lair:1   | Entered Level 1 of the Lair of Beasts
 12418 | Lair:1   | Noticed a death yak
 12422 | Lair:1   | Noticed a death yak
 12461 | Lair:2   | Found a sparkling altar of Nemelex Xobeh.
 12868 | Lair:1   | Noticed a death yak
 12990 | Orc:1    | Entered Level 1 of the Orcish Mines
 12990 | Orc:1    | Noticed Sonja
 13091 | D:12     | Noticed a six-headed hydra
 13127 | D:12     | Noticed a death knight
 13218 | D:12     | Learned a level 2 spell: Blink
 13223 | D:12     | Learned a level 4 spell: Olgreb's Toxic Radiance
 13382 | D:12     | Found a transporter.
 13387 | D:12     | Noticed a skeletal warrior
 13693 | D:12     | Killed a six-headed hydra
 13950 | D:12     | Gained mutation: You have claws for hands. [demonic
                  | ancestry]
 13950 | D:12     | Reached XP level 12. HP: 100/108 MP: 24/24
 14132 | D:13     | Noticed a boulder beetle
 14139 | D:13     | Noticed a centaur warrior
 14217 | D:13     | Noticed a two-headed ogre
 14693 | D:5      | Killed raetorn's ghost
 14826 | D:9      | Killed Sonja
 14827 | D:9      | Reached skill level 5 in Maces & Flails
 14829 | D:9      | Reached skill level 5 in Fire Magic
 15113 | Lair:1   | Killed a death yak
 15195 | Lair:1   | Reached skill level 5 in Armour
 15352 | Lair:1   | Noticed a death yak
 15382 | Lair:1   | Killed a death yak
 15383 | Lair:1   | Reached skill level 15 in Fighting
 15407 | Lair:1   | Killed a death yak
 15416 | Lair:1   | Killed a death yak
 15769 | Lair:1   | Found the +4 skin of Zhor {*Englaciate rC+++ SInv}
 17142 | Lair:2   | Found a staircase to the Shoals.
 17317 | Lair:2   | Found a hole to the Spider Nest.
 17421 | Lair:2   | Learned a level 3 spell: Stone Arrow
 17595 | Lair:3   | Noticed Snorg
 17637 | Lair:3   | Noticed Fannar
 17928 | Lair:3   | Killed Fannar
 18205 | Lair:3   | Noticed a boulder beetle
 18386 | Lair:3   | Slain by a boulder beetle

Illustrated notes

Levels and vault maps discovered:
D:1:      lightli_arrival_statue_moat, layout_basic, serial_shops, shop,
          hellmonk_ecumenical_altar_pennies_from_heaven
D:2:      layout_basic
D:3:      layout_loops_corners
D:4:      kennysheep_spiral_hall, layout_cave_pools, kiku_gazebo_pond_becter,
          saegor_snake_ambush
D:5:      layout_basic, chequers_temple_overflow_statue_of_worship,
          zin_treasury, ebering_ghost_sewer_f
D:6:      layout_loops_ring, minmay_temple_entry_grid
D:7:      layout_rooms, okawaru_ov_weapons_minmay, grunt_dithmenos_shadows,
          nicolae_uskayaw_en_pointe, serial_rivers,
          chequers_serial_rivers_micro_e, chequers_serial_rivers_micro_c,
          chequers_serial_rivers_large_b, chequers_serial_rivers_room_b,
          chequers_serial_rivers_micro_b, chequers_serial_rivers_micro_c,
          grunt_ministairs_9, kennysheep_windowed_goal
D:8:      layout_loops_ring, mainiacjoe_overflow_alcove_1, hellmonk_scale_shop
D:9:      layout_roguey, david_orc_2
D:10:     layout_stronghold
D:11:     layout_basic, david_lair_shrubbed, uniq_maurice
D:12:     layout_basic, gammafunk_ghost_mausoleum, serial_glass,
          glass_columns_a, glass_columns_a, glass_columns_a, glass_columns_c,
          glass_columns_a
D:13:     layout_small_grid, hangedman_vaults_entry_quadrant_bands, uniq_lodul
Lair:1:   layout_misc_corridors, hellmonk_guarded_unrand_zhor
Lair:2:   layout_gridlike, minmay_shoals_entry_centaurs, spider_nest_entry_a,
          basic_altar, lemuel_fruit_fields, serial_bayou_shore_b
Lair:3:   layout_misc_corridors, serial_rivers, chequers_serial_rivers_marsh,
          chequers_serial_rivers_micro_a, chequers_serial_rivers_small_3,
          chequers_serial_rivers_micro_e, nzn_sisyphean_effort, uniq_fannar,
          uniq_snorg
Orc:1:    layout_caves, uniq_sonja

Skill      XL: |  1  2  3  4  5  6  7  8  9 10 11 12 |
---------------+-------------------------------------+-----
Conjurations   | 3 |  3.3
Fighting       | 4 13 14 15 | 15.4
Air Magic      | 1 2 3 4 |  4.5
Poison Magic   | 1 2 3 4 |  4.9
Spellcasting   | 5 6 7 8 9 |  9.2
Maces & Flails | 2 4 6 |  6.2
Fire Magic     | 2 4 6 |  6.0
Armour         | 2 4 6 |  6.1

Action                     |  1- 3 |  4- 6 |  7- 9 | 10-12 || total
---------------------------+-------+-------+-------+-------++-------
  Melee: Dagger            |   251 |   195 |   547 |    16 ||  1009
         Punch             |     5 |     4 |    11 |    11 ||    31
         Whip              |       |       |       |   617 ||   617
         Headbutt          |       |       |       |   181 ||   181
  Throw: Javelin           |     1 |     6 |       |       ||     7
         Dart              |       |    13 |     1 |     6 ||    20
   Cast: Foxfire           |     3 |       |       |       ||     3
         Scorch            |       |     2 |    51 |    55 ||   108
         Mephitic Cloud    |       |       |    18 |    58 ||    76
         Stone Arrow       |       |       |       |     4 ||     4
         Blink             |       |       |       |     3 ||     3
         Olgreb's Toxic Ra |       |       |       |     1 ||     1
         Passwall          |       |       |       |     1 ||     1
 Invoke: Call Merchant     |       |     1 |       |       ||     1
         Potion Petition   |       |       |       |     6 ||     6
  Evoke: Wand              |       |       |       |    27 ||    27
    Use: Potion            |     2 |     5 |     1 |    24 ||    32
         Scroll            |     4 |     7 |     4 |    22 ||    37
   Stab: Invisible         |     2 |     1 |       |     1 ||     4
         Sleeping          |     2 |     2 |     2 |     1 ||     7
         Confused          |       |       |    19 |    37 ||    56
         Distracted        |       |       |     2 |     1 ||     3
         Paralysed         |       |       |       |    12 ||    12
 Armour: Robe              |   111 |    79 |       |       ||   190
         Ring mail         |       |     5 |   351 |     8 ||   364
         Skin              |       |       |    40 |    12 ||    52
         Scale mail        |       |       |       |   255 ||   255
         Animal skin       |       |       |       |    28 ||    28
  Dodge: Dodged            |   198 |   129 |   315 |   254 ||   896
         Repelled          |       |     1 |     1 |     2 ||     4
